 Dungeon Crawl Stone Soup version 0.29-a0-341-g24ffce5b50 (webtiles) character file.

Game seed: 5382684987920896272

581 spaghetti the Slinger (level 6, -2/48 HPs)
             Began as a Demigod Hunter on Apr 20, 2022.
             Succumbed to a killer bee's poison
             ... on level 7 of the Dungeon.
             The game lasted 00:06:07 (1941 turns).

spaghetti the Slinger (Demigod Hunter)              Turns: 1941, Time: 00:06:08

Health: -2/48      AC:  6    Str: 12    XL:     6   Next: 90%
Magic:  8/8        EV: 16    Int: 19    God:
Gold:   104        SH:  0    Dex: 21    Spells: 5/5 levels left

rFire   . . .      SeeInvis .   a - +3 hunting sling {sling}
rCold   . . .      Faith    .   (no shield)
rNeg    + . .      Spirit   .   r - +0 leather armour "Huysoawn" {Regen+ Int+4}
rPois   .          Reflect  .   q - +2 helmet
rElec   .          Harm     .   (no cloak)
rCorr   .          Rampage  .   (no gloves)
Will    .....                   (no boots)
Stlth   ++........              u - amulet of magic regeneration {@e2}
HPRegen 0.96/turn               n - +4 ring of evasion
MPRegen 0.51/turn               v - ring of positive energy

@: lethally poisoned (-2 -> -9)
A: high MP 1, forlorn, divine attributes
a: no special abilities


You were on level 7 of the Dungeon.
You visited 1 branch of the dungeon, and saw 5 of its levels.

You collected 104 gold pieces.


Innate Abilities, Weirdness & Mutations

You have an increased reservoir of magic. (+10% MP)
You shall have no god before yourself.
Your divine heritage dramatically boosts your attributes as you level up.


   Skills:
 - Level 1.7 Fighting
 + Level 8.0 Slings
 - Level 1.7 Dodging
 - Level 0.8 Stealth


You had 5 spell levels left.
You didn't know any spells.
Your spell library was empty.

Inventory:

Hand Weapons
 a - a +3 hunting sling (weapon) {sling}
 f - a +0 club {mace}
   (You took it off a goblin on level 2 of the Dungeon)
 g - a +0 club {mace}
   (You took it off a goblin on level 2 of the Dungeon)
 h - a +0 dagger of protection {short}
   (You took it off a kobold on level 7 of the Dungeon)
 o - a +0 club {mace}
   (You took it off a goblin on level 2 of the Dungeon)
 p - a +1 spear of freezing {polearm}
   (You took it off Robin on level 2 of the Dungeon)
 t - a +1 antimagic hand axe {axe}
   (You found it on level 3 of the Dungeon)
Missiles
 d - 112 stones {throwing}
 x - 4 boomerangs {throwing}
Armour
 b - a +0 leather armour
 q - a +2 helmet (worn)
   (You took it off Robin on level 2 of the Dungeon)
 r - the +0 leather armour "Huysoawn" (worn) {Regen+ Int+4}
   (You found it on level 2 of the Dungeon)

   Int:       It affects your intelligence (+4).
   Regen:     It increases your rate of health regeneration.
Jewellery
 n - a +4 ring of evasion (left hand)
   (You found it on level 2 of the Dungeon)
 u - an amulet of magic regeneration (around neck) {@e2}
   (You found it on level 3 of the Dungeon)
 v - a ring of positive energy (right hand)
   (You found it on level 3 of the Dungeon)
Scrolls
 c - a scroll of immolation {!r!r}
 e - a scroll of identify {@r1}
Potions
 w - a potion of attraction {!q}

Dungeon Overview and Level Annotations

Branches:
Dungeon (7/15)
 Temple: D:4-7

Shops:
D:1

! .# ##### y# ....# .#
###.# y####
....###############....
##...................#
##............####.#
############(y@yyy#
########


You could see 4 killer bees.


Message History

The killer bee is poisoned.
The killer bee barely misses you.
The killer bee closely misses you. 😮 HP[+1] Throw: 7 darts (poison) {throwing}
Press: ? - help, Shift-Dir - straight line, f - killer bee, p - killer bee
Aim: a killer bee (38% to hit)
You throw a poisoned dart {throwing}.
The poisoned dart {throwing} completely misses the killer bee.
The killer bee stings you but does no damage.
A killer bee comes into view.
The killer bee misses you.
The killer bee stings you but does no damage. x2 😮 HP[+1] Throw: 6 darts (poison) {throwing}
Press: ? - help, Shift-Dir - straight line, p - killer bee You can't see that place. [a stone wall.]
You can't see that place.
Okay, then.
Throw: 6 darts (poison) {throwing}
Press: ? - help, Shift-Dir - straight line You can't see that place. [a stone wall.]
You can't see that place.
Okay, then.
Throw: 6 darts (poison) {throwing}
Press: ? - help, Shift-Dir - straight line You throw a poisoned dart {throwing}.
The poisoned dart {throwing} closely misses the killer bee.
The poisoned dart {throwing} barely misses the killer bee.
The killer bee barely misses you. The killer bee stings you.
You are poisoned.
The killer bee poisons you! 😮 HP[-1]
You take 1 damage, and now have 32/48 hp.
Throw: 5 darts (poison) {throwing}
Press: ? - help, Shift-Dir - straight line You throw a poisoned dart {throwing}.
The poisoned dart {throwing} hits the killer bee!
The killer bee is poisoned.
You feel sick. The killer bee barely misses you. x3
The killer bee misses you.
Throw: 4 darts (poison) {throwing}
Press: ? - help, Shift-Dir - straight line You throw a poisoned dart {throwing}.
The poisoned dart {throwing} misses the killer bee.
The poisoned dart {throwing} misses the killer bee.
You feel sick. The killer bee stings you. The killer bee misses you. 😮 HP[-5]
You take 5 damage, and now have 27/48 hp.
Throw: 3 darts (poison) {throwing}
Press: ? - help, Shift-Dir - straight line You throw a poisoned dart {throwing}.
The poisoned dart {throwing} misses the killer bee.
The poisoned dart {throwing} closely misses the killer bee.
You feel sick.
You kill the killer bee!
The killer bee closely misses you. The killer bee stings you.
You are more poisoned.
The killer bee poisons you!
The killer bee completely misses you. 😮 HP[-2]
You take 2 damage, and now have 25/48 hp.
Throw: 2 darts (poison) {throwing}
Press: ? - help, Shift-Dir - straight line You throw a poisoned dart {throwing}.
The poisoned dart {throwing} closely misses the killer bee.
You feel sick. The killer bee closely misses you. The killer bee stings you.
* * * LOW HITPOINT WARNING * * *
You are more poisoned.
The killer bee poisons you! 😨 HP[-8]
You take 8 damage, and now have 17/48 hp.
Throw: dart (poison) {throwing}
Press: ? - help, Shift-Dir - straight line You throw a poisoned dart {throwing}.
The poisoned dart {throwing} hits the killer bee.
The killer bee is poisoned.
You feel very sick.
You kill the killer bee!
The killer bee stings you!
* * * LOW HITPOINT WARNING * * *
The killer bee stings you.
* * * LOW HITPOINT WARNING * * *
The killer bee completely misses you.
Your Slings skill increases to level 8! 😱 HP[-16]
You take 16 damage, and now have 1/48 hp.
MASSIVE DAMAGE!! (PAUSE) Unknown command.
Unknown command.
Really attack while wielding your +3 hunting sling {sling}? [Y]es or [N]o only, please.
Really attack while wielding your +3 hunting sling {sling}?
Okay, then.
Unknown command.
Fire: a) +3 hunting sling {sling}
Press: ? - help, Q - select action, (/) - cycle Shift-Dir - straight line, f - killer bee
Aim: a killer bee (lightly wounded, poisoned, 44% to hit)
You shoot a sling bullet. The sling bullet hits the killer bee.
You die...

Skill      XL: |  1  2  3  4  5  6 |
---------------+-------------------+-----
Slings         | 4 5 6 8 |  8.0
Fighting       | |  1.7
Dodging        | |  1.7
Stealth        | |  0.8

Action                   |  1- 3 |  4- 6 || total
-------------------------+-------+-------++-------
Melee: Unarmed           |    12 |       ||    12
       Hand axe          |       |    11 ||    11
       Spear             |       |     5 ||     5
 Fire: Hunting sling     |   101 |   102 ||   203
Throw: Dart              |       |     8 ||     8
  Use: Potion            |     2 |     4 ||     6
       Scroll            |     1 |    10 ||    11
 Stab: Sleeping          |       |     1 ||     1
Armor: Leather armour    |    11 |    24 ||    35
Dodge: Dodged            |    41 |   113 ||   154

Levels and vault maps discovered:
D:1:      zaba_arrival_water, layout_rooms, serial_shops,
          nicolae_shop_waterfront, glass_columns_a, hangedman_decor_peaks_small
D:2:      layout_basic, chequers_ecumenical_altar_island, basic_altar,
          kennysheep_generic_room_13, uniq_robin
D:3:      layout_rooms, worldfamousw_hep_ancestral_shrine, uniq_sigmund
D:6:      layout_rooms, minmay_misc_feat_chi, serial_park_tiny_1
D:7:      layout_loops_ring, minmay_temple_entry_waves, uniq_maggie, uniq_pikel

Notes
Turn   | Place    | Note
-------+----------+-------------------------------------------
     0 | D:1      | spaghetti the Demigod Hunter began the quest for the Orb.
     0 | D:1      | Reached XP level 1. HP: 17/17 MP: 3/3
     0 | D:1      | magus.rc [v1.9.6]
    97 | D:1      | Reached skill level 4 in Slings
   102 | D:1      | Found Zokeh's Distillery.
   197 | D:1      | Reached XP level 2. HP: 16/24 MP: 4/4
   674 | D:2      | Reached XP level 3. HP: 29/29 MP: 5/5
   839 | D:2      | Reached skill level 5 in Slings
   844 | D:2      | Noticed Robin
   859 | D:2      | Killed Robin
   958 | D:2      | Reached XP level 4. HP: 36/36 MP: 6/6
   972 | D:2      | Identified the +0 leather armour "Huysoawn" {Regen+ Int+4}
  1610 | D:3      | Noticed Sigmund
  1627 | D:3      | HP: 6/36 [something (12)]
  1639 | D:3      | HP: 4/36 [something/magic dart (7)]
  1640 | D:3      | Killed Sigmund
  1641 | D:3      | Reached skill level 6 in Slings
  1641 | D:3      | Reached XP level 5. HP: 6/41 MP: 7/7
  1690 | D:3      | You fall into a shaft and drop 3 floors!
  1745 | D:7      | Noticed a water moccasin
  1797 | D:7      | Reached XP level 6. HP: 40/48 MP: 8/8
  1804 | D:7      | Killed a water moccasin
  1805 | D:7      | Reached skill level 7 in Slings
  1940 | D:7      | HP: 6/48 [killer bee (8)]
  1940 | D:7      | HP: 1/48 [killer bee (5)]
  1941 | D:7      | Reached skill level 8 in Slings
  1941 | D:7      | Succumbed to a killer bee's poison

Vanquished Creatures
  Sigmund (D:3)
  A water moccasin (D:7)
  A kobold brigand (D:7)
  2 killer bees (D:7)
  A hound (D:7)
  Robin (D:2)
  5 adders
  5 dart slugs
  6 ball pythons
  3 endoplasms
  5 giant cockroaches
  13 goblins
  6 hobgoblins
  9 kobolds
  2 quokkas
  5 bats
  3 frilled lizards
  7 rats
76 creatures vanquished.

Table legend:
 A = Non-vault XP
 B = Vault XP
 C = Vault XP percentage of total XP
 D = Non-vault monster count
 E = Vault monster count
 F = Vault count percentage of total count
                 A         B        C        D         E       F
            +---------+---------+-------+---------+---------+-------
      Total |     555 |     276 |  33.2 |      61 |      15 |  19.7
            +---------+---------+-------+---------+---------+-------
        D:1 |      42 |       0 |   0.0 |      24 |       0 |   0.0
        D:2 |      43 |      53 |  55.2 |      17 |      14 |  45.2
        D:3 |      29 |     223 |  88.5 |       9 |       1 |  10.0
        D:6 |      28 |       0 |   0.0 |       3 |       0 |   0.0
        D:7 |     413 |       0 |   0.0 |       8 |       0 |   0.0
            +---------+---------+-------+---------+---------+-------

Illustrated notes

Table legend:
 A = Kills in this place as a percentage of kills in entire the game.
 B = Kills by you in this place as a percentage of kills by you in the entire game.
 C = Kills by friends in this place as a percentage of kills by friends in the entire game.
 D = Other kills in this place as a percentage of other kills in the entire game.
 E = Experience gained in this place as a percentage of experience gained in the entire game.
 F = Experience gained in this place divided by the number of levels of this place that you have seen.
                   A       B       C       D       E      F
               +-------+-------+-------+-------+-------+----------------------
         Total | 100.0 | 100.0 |   N/A |   N/A | 100.0 | 166.2
       Dungeon | 100.0 | 100.0 |   N/A |   N/A | 100.0 | 166.2
               +-------+-------+-------+-------+-------+----------------------

Table legend: (Time is in decaauts)
 A = Elapsed time spent in this place.
 B = Non-inter-level travel time spent in this place.
 C = Inter-level travel time spent in this place.
 D = Time resting spent in this place.
 E = Time spent auto-exploring this place.
 F = Levels seen in this place.
 G = Mean time per level.
                   A        B        C        D        E       F      G
               +--------+--------+--------+--------+--------+-----+--------+
         Total |   2004 |   1968 |     36 |     46 |   1378 |   5 |  400.8 |
       Dungeon |   2004 |   1968 |     36 |     46 |   1378 |   5 |  400.8 |
               +--------+--------+--------+--------+--------+-----+--------+

Top non-repeatable levels by time:
     D:2: 863 daAuts
     D:1: 674 daAuts
     D:3: 207 daAuts
     D:7: 190 daAuts
     D:6: 69 daAuts
